 Dungeon Sprint DCSS version 0.20-a0-269-g17f5411 (webtiles) character file.

312 Faca the Blocker (level 6, -1/55 HPs)
             Began as a Formicid Fighter on Dec 8, 2016.
             Was a Follower of Okawaru.
             Killed by divine providence
             ... invoked by an orc priest
              (16 damage)
             ... in the Dungeon (Sprint IX: "|||||||||||||||||||||||||||||").
             The game lasted 00:02:16 (350 turns).

Faca the Blocker (Formicid Fighter)                  Turns: 350, Time: 00:02:16

Health: -1/55      AC: 15    Str: 21    XL:     6   Next: 70%
Magic:  6/6        EV:  8    Int:  7    God:    Okawaru [*.....]
Gold:   0          SH: 11    Dex: 15    Spells: 5/5 levels left

rFire  . . .     SeeInvis +     q - +1 sword of Power
rCold  . . .     Gourm    .     s - +1 chain mail
rNeg   . . .     Faith    .     c - +0 shield
rPois  .         Spirit   .     (helmet unavailable)
rElec  .         Reflect  .     r - +0 cloak
rCorr  .         Harm     .     (no gloves)
MR     .....                    (no boots)
Stlth  ..........               (no amulet)
                                u - +3 ring of dexterity
                                t - +2 ring of protection

@: no status effects
A: permanent stasis, dig shafts and tunnels, four strong arms, antennae 3
a: Dig, Heroism, Renounce Religion


You were in the Dungeon.
You worshipped Okawaru.
Okawaru was aware of your devotion.
You were not hungry.

You visited 1 branch

Inventory:

Hand Weapons
 a - a +0 war axe
 p - a +2 dire flail of crushing
 q - the +1 sword of Power (weapon)
   (You found it in the Dungeon)
Armour
 c - a +0 shield (worn)
 r - a +0 cloak (worn)
 s - a +1 chain mail (worn)
Jewellery
 t - a +2 ring of protection (left hand)
 u - a +3 ring of dexterity (right hand)
Wands
 o - a wand of acid (7/15)
Scrolls
 m - 3 scrolls of remove curse
 n - 2 scrolls of amnesia
Potions
 d - a potion of might
 e - 5 potions of curing
 g - 3 potions of heal wounds
 i - 4 potions of magic
 l - a potion of invisibility
Comestibles
 f - a bread ration


   Skills:
 + Level 7.1 Fighting
 + Level 4.0 Long Blades
 + Level 6.8 Axes
 + Level 7.4 Armour
 + Level 1.4 Dodging
 + Level 8.1 Shields


You had 5 spell levels left.
You didn't know any spells.

Dungeon Overview and Level Annotations

Branches:
Dungeon (1/1)

Altars:
Cheibriados
Dithmenos
Elyvilon
Fedhas
Gozag
Hepliaklqana
Kikubaaqudgha
Makhleb
Nemelex Xobeh
Okawaru
Qazlal
Ru
Sif Muna
Trog
Uskayaw
Vehumet
Xom
Yredelemnul
Zin
The Shining One
Beogh
Jiyva
Lugonu


Innate Abilities, Weirdness & Mutations

You cannot be hasted, slowed, berserked, paralysed or teleported.
You can dig through walls and to a lower floor.
Your four strong arms can wield two-handed weapons with a shield.
You have a pair of large antennae on your head. (SInv)


Message History

The orc priest mumbles some strange prayers to Beogh against you.
Pain shoots through your body!
* * * LOW HITPOINT WARNING * * *
The orc priest hits you but does no damage.
You slash the orc priest!
The orc priest is severely wounded.
You block the orc priest's attack.
You hit the orc priest.
The orc priest is severely wounded.
You block the orc priest's attack.
The orc priest hits you but does no damage.
The yak snorts and paws the ground.
You hit the orc priest but do no damage.
The orc priest is severely wounded.
The orc priest hits you but does no damage.
You hit the orc priest.
The orc priest is severely wounded.
The orc priest mumbles some strange prayers to Beogh against you.
Beogh smites you!
You die... {{{{{{{{ {{{{{{{ ▓▓▓▓▓▓▓▓▓▓▓▓▓▓▓▓▓▓▓▓▓▓▓▓ ...TYco@..[.)|..'.______ ▓▓▓▓▓▓▓▓▓▓▓▓▓▓▓▓▓▓▓▓▓▓▓▓

You could see a yak, a troll, a centaur and an orc priest.

Vanquished Creatures
  A hippogriff (D)
  A centaur (D)
  A crimson imp (D)
  A dart slug (D)
  An orc (D)
  3 bats (D)
  A bat zombie (D)
  A hobgoblin (D)
  A frilled lizard (D)
  A quokka zombie (D)
12 creatures vanquished.

Notes
Turn   | Place    | Note
-------+----------+-------------------------------------------
     0 | D        | Faca the Formicid Fighter began the quest for the Orb.
     0 | D        | Reached XP level 1. HP: 18/18 MP: 1/1
     9 | D        | Reached skill level 4 in Shields
    13 | D        | Reached XP level 2. HP: 25/25 MP: 2/2
    19 | D        | Noticed a centaur
    19 | D        | Noticed a crimson imp
    41 | D        | Killed a centaur
    41 | D        | Reached skill level 5 in Fighting
    41 | D        | Reached skill level 5 in Armour
    41 | D        | Reached skill level 6 in Shields
    41 | D        | Reached XP level 3. HP: 10/34 MP: 3/3
    41 | D        | Reached XP level 4. HP: 12/40 MP: 4/4
    50 | D        | Reached skill level 5 in Axes
    50 | D        | Reached skill level 1 in Dodging
    50 | D        | Reached skill level 7 in Shields
    50 | D        | Reached XP level 5. HP: 16/46 MP: 5/5
   254 | D        | Found a roughly hewn altar of Beogh.
   254 | D        | Found a snail-covered altar of Cheibriados.
   254 | D        | Found a shadowy altar of Dithmenos.
   254 | D        | Found a white marble altar of Elyvilon.
   254 | D        | Found a blossoming altar of Fedhas.
   254 | D        | Found an opulent altar of Gozag.
   255 | D        | Found a hazy altar of Hepliaklqana.
   256 | D        | Found a viscous altar of Jiyva.
   257 | D        | Found an ancient bone altar of Kikubaaqudgha.
   258 | D        | Found a corrupted altar of Lugonu.
   259 | D        | Found a burning altar of Makhleb.
   260 | D        | Found a sparkling altar of Nemelex Xobeh.
   261 | D        | Found an iron altar of Okawaru.
   262 | D        | Found a stormy altar of Qazlal.
   263 | D        | Found a sacrificial altar of Ru.
   264 | D        | Found a deep blue altar of Sif Muna.
   265 | D        | Found a bloodstained altar of Trog.
   266 | D        | Found a hide-covered altar of Uskayaw.
   267 | D        | Found a radiant altar of Vehumet.
   268 | D        | Found a shimmering altar of Xom.
   269 | D        | Became a worshipper of Warmaster Okawaru
   270 | D        | Found a basalt altar of Yredelemnul.
   271 | D        | Found a glowing silver altar of Zin.
   272 | D        | Found a glowing golden altar of the Shining One.
   332 | D        | Noticed a troll
   332 | D        | Noticed a yak
   332 | D        | Noticed a centaur
   332 | D        | Noticed a hippogriff
   343 | D        | Killed a hippogriff
   343 | D        | Reached * piety under Okawaru
   343 | D        | Reached skill level 8 in Shields
   343 | D        | Reached XP level 6. HP: 15/55 MP: 6/6
   350 | D        | Killed from afar by an orc priest

Vault maps used:
D:        linesprint

Skill      XL: |  1  2  3  4  5 |
---------------+----------------+-----
Shields        | 4 6 7 8 |  8.1
Fighting       | 4 5 6 7 |  7.1
Armour         | 4 5 6 7 |  7.4
Axes           | 4 5 6 |  6.8
Dodging        | 1 |  1.4
Long Blades    | 4 |  4.0

Action                   |  1- 3 |  4- 6 || total
-------------------------+-------+-------++-------
Melee: War axe           |    31 |     3 ||    34
       Great sword       |       |    18 ||    18
Armor: Scale mail        |    20 |     1 ||    21
       Chain mail        |       |    28 ||    28
Dodge: Dodged            |    18 |     6 ||    24
Block: Shield            |    21 |    17 ||    38
       Rpst.: Great sword |       |     1 ||     1
